 Dungeon Crawl Stone Soup version 0.25.0-46-gbd7b0854d2 (webtiles) character file.

Game seed: 5088777377998577006

6718 Jimbable the Cleaver (level 11, 0/126 HPs)
             Began as a Merfolk Gladiator on July 15, 2020.
             Was a Believer of Cheibriados.
             Slain by a ten-headed hydra (7 damage)
             ... on level 1 of the Lair of Beasts.
             The game lasted 00:27:11 (10641 turns).

Jimbable the Cleaver (Merfolk Gladiator)           Turns: 10641, Time: 00:27:11

Health: 0/126      AC: 25    Str: 22    XL:     11   Next: 4%
Magic:  11/11      EV:  2    Int: 11    God:    Cheibriados [**....]
Gold:   541        SH: 12    Dex: 29    Spells: 10/10 levels left

rFire    . . .     SeeInvis .   D - +5 war axe of the Lamprey {elec, Dex+3}
rCold    . . .     Gourm    .   B - +0 kite shield
rNeg     + + +     Faith    .   (armour currently unavailable)
rPois    +         Spirit   .   (helmet currently unavailable)
rElec    .         Reflect  .   (cloak currently unavailable)
rCorr    .         Harm     .   (gloves currently unavailable)
MR       .....     NoTele   +   (boots currently unavailable)
Stlth    +++.......             (no amulet)
HPRegen  0.31/turn              m - +6 ring of dexterity
MPRegen  0.12/turn              (no ring)

@: tree-form, very slow
A: (change form in water), (swift swim), (stealthy swim)
a: Bend Time, Renounce Religion


You were on level 1 of the Lair of Beasts.
You worshipped Cheibriados.
Cheibriados was pleased with you.
You were not hungry.
You were a tree.
You visited 3 branches of the dungeon, and saw 10 of its levels.
You also visited: Ossuary.

You collected 541 gold pieces.

Inventory:

Hand Weapons
 a - a +0 trident
 d - a +5 spear of chaos
 D - the +5 war axe of the Lamprey (weapon) {elec, Dex+3}
   (You found it on level 5 of the Dungeon)

   Occasionally, upon striking a foe, it will discharge some electrical energy
   and cause terrible harm.
   It affects your dexterity (+3).
 O - the +7 morningstar of Conformity {vorpal, +Rage rElec rF-, unknown}
   (You found it on level 8 of the Dungeon)

   It inflicts extra damage upon your enemies.
   It makes you vulnerable to fire.
   It insulates you from electricity.
   It lets you go berserk.
 Q - the +8 quarterstaff of the Lamprey {antimagic, +Inv rN+ Str+4 SInv, unknown}
   (You found it on level 8 of the Dungeon)

   It reduces the magical energy of the wielder, and disrupts the spells and
   magical abilities of those hit.
   Natural abilities and divine invocations are not affected.
   It affects your strength (+4).
   It protects you from negative energy.
   It lets you see invisible.
   It lets you turn invisible.
 R - a +3 hand crossbow
Missiles
 c - 6 javelins
 x - 3 boomerangs (quivered)
 G - 2 silver boomerangs
Armour
 q - a +0 pair of gloves (melded)
 A - the +8 plate armour "Joudibuq" (melded) {*Corrode rN+ Int+4 Slay+3}
   (You found it on level 4 of the Dungeon)

   It affects your intelligence (+4).
   It affects your accuracy and damage with ranged weapons and melee attacks
   (+3).
   It protects you from negative energy.
   It may corrode you when you take damage.
 B - a +0 kite shield (worn)
 H - a scarf of resistance (melded)
 I - a +1 hat (melded)
 P - +0 acid dragon scales
 V - a +0 pair of boots (melded)
Jewellery
 m - a +6 ring of dexterity (left branch)
Wands
 C - a wand of flame (17)
 N - a wand of random effects (20)
Scrolls
 h - 9 scrolls of identify
 j - a scroll of enchant weapon {unknown}
 l - 3 scrolls of fog {unknown}
 p - 3 scrolls of amnesia {unknown}
 r - 2 scrolls of fear {unknown}
 u - a scroll of random uselessness {unknown}
 v - 3 scrolls of remove curse
 y - 3 scrolls of enchant armour {unknown}
 F - 3 scrolls of teleportation {unknown}
 J - a scroll of blinking {unknown}
 M - a scroll of vulnerability {unknown}
 T - a scroll of magic mapping {unknown}
 U - 2 scrolls of immolation {unknown}
Potions
 b - a potion of stabbing {unknown}
 e - a potion of invisibility {unknown}
 g - 5 potions of brilliance {unknown}
 i - 4 potions of lignification
 k - 4 potions of might {unknown}
 n - 2 potions of flight {unknown}
 o - 6 potions of curing {unknown}
 s - 5 potions of degeneration {unknown}
 w - 2 potions of heal wounds {unknown}
 z - 2 potions of cancellation {unknown}
 E - 2 potions of haste {unknown}
 K - 2 potions of berserk rage {unknown}
 L - a potion of ambrosia {unknown}
Comestibles
 f - 22 rations


   Skills:
 * Level 7.2 Fighting
 * Level 9.2(9.7) Axes
 - Level 8.6(12.7) Polearms
 - Level 2.2 Throwing
 + Level 4.1 Armour
 - Level 5.4 Dodging
 - Level 1.3 Stealth
 * Level 6.2 Shields


You had 10 spell levels left.
You didn't know any spells.
Your spell library contained the following spells:

 Spells                   Type           Power        Failure   Level  Hunger
 Irradiate                Conj/Tmut      #.........   100%        5    ######.
 Hydra Form               Tmut           #.........   100%        6    #######
 Statue Form              Tmut/Erth      #........    100%        6    #######
 Dragon Form              Tmut           #.........   100%        7    #######


Dungeon Overview and Level Annotations

Branches:
Dungeon (8/15)             Temple (1/1) D:7            Lair (1/6) D:8
Ossuary (visited)

Altars:
Ashenzari
Cheibriados
Dithmenos
Elyvilon
Fedhas
Gozag
Hepliaklqana
Kikubaaqudgha
Makhleb
Nemelex Xobeh
Okawaru
Qazlal
Ru
Sif Muna
Trog
Uskayaw
Vehumet
Wu Jian
Xom
Yredelemnul
Zin
The Shining One


Message History

Your +1 hat melds into your body.
Your +0 pair of gloves melds into your body.
Your +0 pair of boots melds into your body.
The +8 plate armour "Joudibuq" {*Corrode rN+ Int+4 Slay+3} melds into your body.
You feel hot and cold all over.
Your roots penetrate the ground.
The ten-headed hydra bites you but does no damage. x2
You block the ten-headed hydra's attack.
The ten-headed hydra bites you but does no damage.
You block the ten-headed hydra's attack.
The ten-headed hydra bites you.
* * * LOW HITPOINT WARNING * * *
The ten-headed hydra bites you but does no damage. x2
The ten-headed hydra bites you!
* * * LOW HITPOINT WARNING * * *
The ten-headed hydra bites you.
* * * LOW HITPOINT WARNING * * *
You block the ten-headed hydra's attack.
The ten-headed hydra bites you but does no damage. x3
The ten-headed hydra bites you!
You die...

#.≈≈≈≈≈≈§≈≈≈≈≈≈........
##...≈≈≈≈≈≈≈≈≈≈.........
.......≈≈≈≈≈≈...........
........≈≈≈.............
........≈≈.......#..#P..
.........≈..........##..
.........≈..........##..
...#..D.....#...P##.....
......!♣#.####..###.....
........### ##..# #.....
........# #...# #.....
........# ##..# #.##..
##...#.## #..###.##..
#...... #..##.....# ##..
.. #.......... ......
#####...... ##......


You could see a ten-headed hydra.

Vanquished Creatures
  Urug (Lair:1)
  A black mamba (Lair:1)
  Joseph (D:7)
  A komodo dragon (Lair:1)
  Maggie (D:8)
  A troll (D:8)
  Grinder (D:4)
  A hippogriff (Lair:1)
  4 hogs (D:8)
  3 yaks (Lair:1)
  A human (D:8)
  A water moccasin (D:5)
  2 black bears
  An ice beast (D:5)
  An orc warrior (D:6)
  A sky beast (D:5)
  A phantom (D:4)
  An ogre (D:5)
  7 wolves
  A centaur (D:8)
  A crocodile (Lair:1)
  A big kobold (D:7)
  5 bullfrogs
  A scorpion (D:7)
  2 electric eels
  4 howler monkeys
  A crimson imp (D:8)
  2 jellies
  4 centaur skeletons
  8 hounds
  6 orc wizards
  2 worker ants
  2 killer bee zombies
  6 big kobold zombies (Ossuary)
  A hound zombie (D:8)
  A mummy (Ossuary)
  9 adders
  5 gnolls (D:3)
  A river rat (D:6)
  A shadow imp (D:6)
  An adder skeleton (D:6)
  5 worms
  4 dart slugs
  10 leopard geckos
  13 orcs
  4 spectral bats (Ossuary)
  A ball python (D:2)
  9 giant cockroaches
  6 gnoll zombies (Ossuary)
  14 goblins
  12 hobgoblins
  16 jackals
  27 kobolds
  4 quokkas
  7 bats
  3 bat simulacra (Ossuary)
  5 frilled lizards
  5 goblin simulacra (Ossuary)
  3 goblin zombies (Ossuary)
  7 hobgoblin zombies (Ossuary)
  A jackal skeleton (D:7)
  A kobold simulacrum (Ossuary)
  2 kobold zombies (Ossuary)
  6 orc zombies (Ossuary)
  6 rats
  A rat simulacrum (Ossuary)
  4 spectral goblins (Ossuary)
  3 spectral rats (Ossuary)
  4 plants (D:7)
279 creatures vanquished.

Notes
Turn   | Place    | Note
-------+----------+-------------------------------------------
     0 | D:1      | Jimbable the Merfolk Gladiator began the quest for the Orb.
     0 | D:1      | Reached XP level 1. HP: 16/16 MP: 1/1
   161 | D:1      | Reached XP level 2. HP: 22/22 MP: 2/2
   431 | D:1      | Reached skill level 5 in Polearms
   668 | D:1      | Reached XP level 3. HP: 25/27 MP: 3/3
  1133 | D:2      | Reached XP level 4. HP: 19/34 MP: 4/4
  1613 | D:2      | Reached skill level 5 in Dodging
  2127 | D:3      | Reached XP level 5. HP: 32/39 MP: 5/5
  2436 | D:3      | Reached skill level 1 in Armour
  2587 | D:3      | Reached skill level 1 in Stealth
  3836 | D:3      | Found a shimmering altar of Xom.
  3991 | D:4      | Reached XP level 6. HP: 43/46 MP: 6/6
  4174 | D:4      | Noticed a phantom
  4178 | D:4      | Killed a phantom
  4246 | D:4      | Got a sapphire-encrusted plate armour
  4247 | D:4      | Identified the +8 plate armour "Joudibuq" {*Corrode rN+
                  | Int+4 Slay+3} (You found it on level 4 of the Dungeon)
  4614 | D:4      | Noticed Grinder
  4625 | D:4      | Paralysed by Grinder for 2 turns
  4628 | D:4      | Killed Grinder
  4628 | D:4      | Reached skill level 1 in Shields
  4628 | D:4      | Reached XP level 7. HP: 47/52 MP: 7/7
  4772 | D:5      | Entered Level 5 of the Dungeon
  4775 | D:5      | Found a shattered altar of Ashenzari.
  4803 | D:5      | Got a jewelled war axe
  4832 | D:5      | Found a sand-covered staircase.
  4837 | Ossuary  | Entered an ossuary
  4838 | Ossuary  | Identified the +5 war axe of the Lamprey {elec, Dex+3} (You
                  | found it on level 5 of the Dungeon)
  5077 | Ossuary  | Reached skill level 1 in Axes
  5182 | Ossuary  | Reached XP level 8. HP: 60/60 MP: 8/8
  5275 | D:5      | Reached skill level 2 in Axes
  5745 | D:5      | Reached skill level 3 in Axes
  6481 | D:6      | Reached skill level 4 in Axes
  6885 | D:6      | Reached skill level 5 in Axes
  6885 | D:6      | Reached XP level 9. HP: 64/66 MP: 9/9
  7429 | D:6      | Found a sacrificial altar of Ru.
  7451 | D:7      | Noticed Joseph
  7466 | D:7      | Killed Joseph
  7466 | D:7      | Reached skill level 5 in Fighting
  7669 | D:7      | Reached skill level 6 in Axes
  8031 | D:7      | Found a shimmering altar of Xom.
  8342 | D:7      | Found a staircase to the Ecumenical Temple.
  8445 | Temple   | Entered the Ecumenical Temple
  8537 | Temple   | Became a worshipper of Cheibriados the Contemplative
  8677 | D:8      | Noticed Maggie
  8685 | D:8      | Killed Maggie
  8857 | D:8      | Noticed a troll
  9103 | D:8      | Killed a troll
  9103 | D:8      | Reached skill level 7 in Axes
  9390 | D:8      | Found a staircase to the Lair.
  9391 | D:8      | Got a smouldering morningstar
  9423 | D:8      | Got a scorched quarterstaff
  9460 | D:8      | Reached XP level 10. HP: 76/76 MP: 10/10
  9538 | D:8      | Reached * piety under Cheibriados
  9711 | D:8      | Reached skill level 5 in Shields
  9953 | Lair:1   | Entered Level 1 of the Lair of Beasts
  9970 | Lair:1   | Reached skill level 8 in Axes
 10417 | Lair:1   | Noticed Urug
 10428 | Lair:1   | Killed Urug
 10428 | Lair:1   | Reached skill level 9 in Axes
 10631 | Lair:1   | Noticed an eight-headed hydra
 10631 | Lair:1   | Noticed a black mamba
 10635 | Lair:1   | Reached ** piety under Cheibriados
 10636 | Lair:1   | Killed a black mamba
 10636 | Lair:1   | Reached XP level 11. HP: 77/84 MP: 11/11
 10641 | Lair:1   | Slain by a ten-headed hydra

Illustrated notes

Levels and vault maps discovered:
D:1:      mrwooster_arrival_arrow, layout_basic
D:2:      kennysheep_the_goblin_king, layout_basic, first_ration
D:3:      layout_rooms, tgw_xom
D:4:      layout_gridville, uniq_grinder
D:5:      layout_layer_cave, basic_altar, enter_ossuary_5, kennysheep_boxes
D:6:      layout_loops_ring, gup_sewer_entry_spiral, minmay_misc_feat_diagonals,
          nicolae_ru_the_path_less_chosen
D:7:      kennysheep_kobold_camp, layout_rooms, kennysheep_mini,
          minmay_temple_entry_poolview, uniq_joseph
D:8:      layout_gridville, erik_lair_island, grunt_livestock, uniq_maggie
Temple:   nicolae_temple_the_god_donut
Lair:1:   layout_gridlike, nicolae_quartered_pool_medium, lemuel_old_faithful,
          uniq_urug

Skill      XL: |  1  2  3  4  5  6  7  8  9 10 |
---------------+-------------------------------+-----
Polearms       | 5 6 7 8 |  8.6
Dodging        | 5 |  5.4
Armour         | 1 2 3 4 |  4.1
Stealth        | 1 |  1.3
Fighting       | 3 4 5 7 |  7.2
Shields        | 1 2 3 4 6 |  6.2
Axes           | 1 5 7 9 |  9.2
Throwing       | |  2.2

Action                   |  1- 3 |  4- 6 |  7- 9 | 10-12 || total
-------------------------+-------+-------+-------+-------++-------
Melee: Trident           |   133 |   177 |       |       ||   310
       Spear             |       |    31 |     9 |       ||    40
       War axe           |       |       |   284 |    90 ||   374
       Tailslap          |       |       |     3 |     5 ||     8
Throw: Throwing net      |       |     3 |       |       ||     3
       Boomerang         |       |       |     1 |     3 ||     4
  Use: Scroll            |     1 |     2 |     1 |       ||     4
       Potion            |       |       |       |     1 ||     1
 Stab: Sleeping          |     1 |     5 |       |       ||     6
       Distracted        |       |     1 |       |       ||     1
       Paralysed         |       |       |     1 |       ||     1
  Eat: Chunk             |     1 |     8 |    12 |     2 ||    23
       Ration            |       |     1 |     1 |       ||     2
Armor: Leather armour    |    36 |    38 |       |       ||    74
       Plate armour      |       |     1 |   174 |    65 ||   240
       Skin              |       |       |       |     8 ||     8
Dodge: Dodged            |   106 |   120 |    58 |    42 ||   326
Block: Kite shield       |       |     2 |   156 |    80 ||   238
